 Dungeon Crawl Stone Soup version 0.23-a0-290-g290e36d (webtiles) character file.

8898 b5mith the Fighter (level 11, -12/162 (166) HPs)
             Began as a Minotaur Berserker on Oct 3, 2018.
             Was a High Priest of Trog.
             Mangled by an 11-headed hydra (13 damage)
             ... on level 11 of the Dungeon.
             The game lasted 00:28:42 (10559 turns).

b5mith the Fighter (Minotaur Berserker)            Turns: 10559, Time: 00:28:42

HP:   -12/162 (166) AC:  3    Str: 29      XL:     11   Next: 15%
MP:   19/19         EV: 12    Int:  4      God:    Trog [*****.]
Gold: 475           SH:  0    Dex:  9 (11) Spells: 10/10 levels left

rFire    . . .     SeeInvis .   a - +4 great sword (curse)
rCold    . . .     Gourm    +   (shield currently unavailable)
rNeg     + + +     Faith    .   L - +0 leather armour of Hutejen {*Drain +Inv rN+++ MP+9}
rPois    .         Spirit   .   (helmet restricted)
rElec    .         Reflect  .   (no cloak)
rCorr    +         Harm     .   (no gloves)
MR       .....                  (no boots)
Stlth    ..........             y - amulet of the gourmand
HPRegen  0.37/turn              K - ring of positive energy
MPRegen  0.16/turn              F - ring of resist corrosion

@: berserking, very quick
A: retaliatory headbutt, horns 2
a: Berserk, Trog's Hand, Brothers in Arms, Renounce Religion, Evoke Invisibility


You were on level 11 of the Dungeon.
You worshipped Trog.
Trog was extremely pleased with you.
You were very full.

You visited 1 branch of the dungeon, and saw 11 of its levels.

You collected 755 gold pieces.
You spent 280 gold pieces at shops.

Inventory:

Hand Weapons
 a - a cursed +4 great sword (weapon)
   (You took it off a wight on level 10 of the Dungeon)
 b - a +0 hunting sling of flaming
   (You found it on level 4 of the Dungeon)
 t - a +0 short sword
   (You took it off an orc on level 3 of the Dungeon)
 N - a +0 falchion
Missiles
 q - 6 tomahawks (quivered)
 I - 3 throwing nets
Armour
 k - a +0 ring mail
   (You took it off an orc on level 3 of the Dungeon)
 w - a +0 animal skin
 x - a +3 chain mail of positive energy
   (You bought it in a shop on level 4 of the Dungeon)
 J - a +0 ring mail of fire resistance
   (You found it on level 9 of the Dungeon)
 L - the +0 leather armour of Hutejen (worn) {*Drain +Inv rN+++ MP+9}
   (You found it on level 10 of the Dungeon)

   It renders you almost immune to negative energy.
   It affects your magic capacity (+9).
   It lets you turn invisible.
   It causes draining when unequipped.
 Q - a +0 ring mail
   (You took it off an orc on level 10 of the Dungeon)
Jewellery
 p - an uncursed ring of flight
   (You found it on level 4 of the Dungeon)
 y - an amulet of the gourmand (around neck)
   (You found it on level 5 of the Dungeon)
 F - a ring of resist corrosion (right hand)
   (You found it on level 6 of the Dungeon)
 K - a ring of positive energy (left hand)
   (You found it on level 9 of the Dungeon)
Wands
 B - a wand of acid (7)
   (You found it on level 6 of the Dungeon)
 M - a wand of disintegration (27)
   (You found it on level 10 of the Dungeon)
 P - a wand of flame (28)
   (You found it on level 10 of the Dungeon)
Scrolls
 f - 11 scrolls of identify {@r1}
 g - 8 scrolls of teleportation
 j - 4 scrolls of immolation {unknown}
 l - 5 scrolls of enchant armour {unknown}
 o - a scroll of blinking {unknown}
 r - 6 scrolls of fog
 C - 3 scrolls of magic mapping {unknown}
 E - a scroll of enchant weapon {unknown}
 G - 2 scrolls of remove curse {@r2}
 H - a scroll of amnesia {unknown}
Potions
 d - 2 potions of mutation {unknown}
 e - a potion of invisibility {unknown}
 h - a potion of haste {unknown}
 i - a potion of magic {unknown}
 m - 2 potions of agility {unknown}
 n - a potion of heal wounds
 s - a potion of resistance {unknown}
 u - 4 potions of lignification {unknown}
 v - 2 potions of curing {@q1}
 z - a potion of might {unknown}
 A - a potion of cancellation {unknown}
 D - a potion of degeneration {unknown}
Comestibles
 c - 14 rations
 O - 3 chunks of flesh


   Skills:
 + Level 14.4 Fighting
 + Level 14.4 Long Blades
 - Level 2.4 Armour
 - Level 2.1 Dodging


You had 10 spell levels left.
You didn't know any spells.
Your spell library was empty.

Dungeon Overview and Level Annotations

Branches:
Dungeon (11/15)            Temple (0/1) D:6            Lair (0/6) D:8
    Orc (0/2) D:10

Altars:
Cheibriados
Elyvilon
Fedhas
Gozag
Okawaru
Qazlal
Wu Jian
Xom
Yredelemnul
Beogh

Shops:
D:4 %[[(   D:5 ?   D:9 %

Annotations:
D:8 1 runed door, kaikaun's ghost, novice MiBe


Innate Abilities, Weirdness & Mutations

You reflexively headbutt those who attack you in melee.
You have a pair of horns on your head.


Message History

Found a ring mail and a hardcover book.
There is an open door here.
A red film seems to cover your vision as you go berserk!
You feel yourself moving faster!
You feel mighty!
The seven-headed hydra barely misses you.
The seven-headed hydra bites you!
The seven-headed hydra completely misses you.
The seven-headed hydra bites you. The seven-headed hydra misses you.
The seven-headed hydra bites you! x2
You lop one of the seven-headed hydra's heads off!
The six-headed hydra grows two more!
You slash the eight-headed hydra! You headbutt the eight-headed hydra!
The eight-headed hydra is moderately wounded.
The eight-headed hydra bites you! The eight-headed hydra bites you.
The eight-headed hydra completely misses you.
The eight-headed hydra bites you. x2; The eight-headed hydra bites you! x2
* * * LOW HITPOINT WARNING * * *
The eight-headed hydra bites you.
* * * LOW HITPOINT WARNING * * *
You slice one of the eight-headed hydra's heads off!
The seven-headed hydra grows two more!
You slash the nine-headed hydra! You headbutt the nine-headed hydra!
The nine-headed hydra is heavily wounded.
The nine-headed hydra bites you.
* * * LOW HITPOINT WARNING * * *
The nine-headed hydra bites you!
* * * LOW HITPOINT WARNING * * *
The nine-headed hydra bites you!
* * * LOW HITPOINT WARNING * * *
The nine-headed hydra closely misses you.
The nine-headed hydra bites you!
* * * LOW HITPOINT WARNING * * *
The nine-headed hydra bites you.
* * * LOW HITPOINT WARNING * * *
The nine-headed hydra bites you.
* * * LOW HITPOINT WARNING * * *
The nine-headed hydra misses you. The nine-headed hydra bites you!
* * * LOW HITPOINT WARNING * * *
You hack one of the nine-headed hydra's heads off!
The eight-headed hydra grows two more!
You slice the ten-headed hydra!!
The ten-headed hydra is severely wounded.
You lop one of the ten-headed hydra's heads off!
The nine-headed hydra grows two more!
You slice the 11-headed hydra!!
The 11-headed hydra is almost dead.
The 11-headed hydra bites you!
* * * LOW HITPOINT WARNING * * *
The 11-headed hydra bites you!
* * * LOW HITPOINT WARNING * * *
The 11-headed hydra bites you!
You die...

####### .......
#############.......
#........##YY..D....
#........##D#.......
#........##@#.......
#........##.#....[..
#........##.#.......
######........'..#...Y...
#....'>.......####..Y..Y.
######........# .......
#........# #####'####
##.#


You could see a 11-headed hydra and 2 yaks.

Vanquished Creatures
  Harold (D:8)
  3 two-headed ogres
  A kobold demonologist (D:8)
  Grinder (D:3)
  A hippogriff (D:11)
  6 yaks (D:9)
  A soldier ant (D:5)
  2 water moccasins
  Duvessa (D:6)
  2 orc warriors (D:10)
  3 ice beasts
  3 sky beasts
  2 black bears
  A phantom (D:4)
  2 necrophages
  6 centaurs
  A crocodile (D:11)
  11 big kobolds (D:8)
  5 bullfrogs
  A wyvern skeleton (D:10)
  Dowan (D:6)
  4 scorpions
  4 wights (D:10)
  4 crimson imps
  2 quasits
  2 bullfrog skeletons (D:10)
  A centaur skeleton (D:8)
  2 jellies
  6 orc wizards
  3 orc priests
  2 hounds (D:4)
  An iguana (D:8)
  8 worker ants
  A worker ant zombie (D:5)
  4 gnolls (D:8)
  7 adders
  5 adder skeletons
  7 worms
  5 dart slugs
  8 leopard geckos
  31 orcs
  10 giant cockroaches
  4 goblins
  5 hobgoblins
  3 jackals (D:3)
  18 kobolds
  5 quokkas
  2 ball pythons
  5 bats
  A frilled lizard (D:2)
  2 leopard gecko zombies
  8 rats
225 creatures vanquished.

Vanquished Creatures (others)
  A fungus (D:8)
1 creature vanquished.

Grand Total: 226 creatures vanquished

Notes
Turn   | Place    | Note
-------+----------+-------------------------------------------
     0 | D:1      | b5mith the Minotaur Berserker began the quest for the Orb.
     0 | D:1      | Reached XP level 1. HP: 19/19 MP: 0/0
   153 | D:1      | Reached XP level 2. HP: 27/27 MP: 1/1
   868 | D:2      | Reached XP level 3. HP: 34/34 MP: 2/2
  1230 | D:2      | Reached ** piety under Trog
  1328 | D:2      | Found a shimmering altar of Xom.
  1328 | D:2      | Found an ornate altar of the Wu Jian Council.
  1341 | D:2      | Found a white marble altar of Elyvilon.
  1350 | D:2      | Reached XP level 4. HP: 38/41 MP: 3/3
  1459 | D:2      | Found an iron altar of Okawaru.
  1462 | D:2      | Found a blossoming altar of Fedhas.
  1560 | D:3      | Noticed Grinder
  1565 | D:3      | Reached skill level 5 in Long Blades
  1569 | D:3      | Reached skill level 5 in Fighting
  1576 | D:3      | Killed Grinder
  1576 | D:3      | Reached XP level 5. HP: 13/50 MP: 4/4
  1576 | D:3      | Reached XP level 6. HP: 14/57 MP: 5/5
  2518 | D:3      | Found a basalt altar of Yredelemnul.
  2639 | D:4      | Reached XP level 7. HP: 66/66 MP: 6/6
  2657 | D:4      | Found a snail-covered altar of Cheibriados.
  2823 | D:4      | Found Hacwi Ojozu's Armour Emporium.
  2842 | D:4      | Found Fotokur's Food Shop.
  2957 | D:4      | Found Ganaj's Antique Weapon Emporium.
  3221 | D:4      | Reached *** piety under Trog
  3257 | D:4      | Found Ynkosh's Antique Armour Shop.
  3261 | D:4      | Bought a shiny chain mail for 202 gold pieces
  3630 | D:5      | Entered Level 5 of the Dungeon
  4126 | D:5      | Reached XP level 8. HP: 70/73 MP: 7/7
  4249 | D:5      | Found Boeryax's Magic Scroll Shop.
  4257 | D:5      | Bought a scroll of remove curse for 39 gold pieces
  4257 | D:5      | Bought a scroll of teleportation for 39 gold pieces
  4654 | D:6      | Found a stormy altar of Qazlal.
  4726 | D:6      | Found a staircase to the Ecumenical Temple.
  5009 | D:6      | Reached skill level 10 in Fighting
  5009 | D:6      | Reached skill level 10 in Long Blades
  5171 | D:6      | Noticed Dowan
  5187 | D:6      | Killed Dowan
  5191 | D:6      | Noticed Duvessa
  5205 | D:6      | Killed Duvessa
  5429 | D:6      | Reached XP level 9. HP: 65/84 MP: 8/8
  5862 | D:7      | Reached **** piety under Trog
  6005 | D:7      | Found an opulent altar of Gozag.
  6696 | D:8      | Noticed a kobold demonologist
  6716 | D:8      | Killed a kobold demonologist
  6813 | D:8      | Reached ***** piety under Trog
  7066 | D:8      | Found a staircase to the Lair.
  7067 | D:8      | Noticed a two-headed ogre
  7082 | D:8      | Killed a two-headed ogre
  7082 | D:8      | Reached XP level 10. HP: 47/96 MP: 9/9
  7428 | D:8      | Noticed Harold
  7451 | D:8      | Killed Harold
  7854 | D:8      | Found a runed door.
  7859 | D:8      | Noticed kaikaun's ghost (novice MiBe)
  8091 | D:9      | Found Poawyxua's Food Shoppe.
  8235 | D:9      | Noticed a two-headed ogre
  8244 | D:9      | Killed a two-headed ogre
  9172 | D:10     | Entered Level 10 of the Dungeon
  9422 | D:10     | Got a smoking leather armour
  9654 | D:10     | Found a staircase to the Orcish Mines.
  9675 | D:10     | Found a roughly hewn altar of Beogh.
  9693 | D:10     | Reached XP level 11. HP: 52/107 MP: 10/10
 10097 | D:11     | Noticed a two-headed ogre
 10108 | D:11     | HP: 2/107 [two-headed ogre/giant club (8)]
 10109 | D:11     | Killed a two-headed ogre
 10470 | D:11     | Identified the +0 leather armour of Hutejen {*Drain +Inv
                  | rN+++ MP+9} (You found it on level 10 of the Dungeon)
 10548 | D:11     | Noticed a seven-headed hydra
 10559 | D:11     | HP: 1/162 [11-headed hydra (8)]
 10559 | D:11     | Mangled by an 11-headed hydra

Vault maps used:
D:1:      matt_arrival_refuge, grunt_decor_mini_mirrors
D:2:      grunt_temple_overflow_open, grunt_ministairs_3,
          kennysheep_decorative_pillar
D:3:      marbit_many_paths, uniq_grinder
D:4:      kennysheep_slug_shrine, first_ration, serial_shops,
          nicolae_shop_trees, nicolae_shop_waterfront, nicolae_shop_crystal,
          kennysheep_mini
D:5:      serial_shops, shop
D:6:      nicolae_qazlal_general_emergency, minmay_temple_entry_trees,
          uniq_duvessa
D:7:      lemuel_doored_altar
D:8:      dpeg_oklobed_lair, enter_ossuary_2, special_room,
          ebering_ghost_reflecting_pool, uniq_harold
D:9:      serial_shops, nicolae_shop_competitors_out_of_business,
          patterned_corridor
D:10:     minmay_orc_entry_temple_small
D:11:     serial_shops, shop, portal_ice_cave_demonic_guard, grunt_tengu_nest

Skill      XL: |  1  2  3  4  5  6  7  8  9 10 |
---------------+-------------------------------+-----
Fighting       | 4 6 7 8 10 12 14 | 14.4
Long Blades    | 4 6 7 8 10 12 14 | 14.4
Armour         | |  2.4
Dodging        | |  2.1

Action                   |  1- 3 |  4- 6 |  7- 9 | 10-12 || total
-------------------------+-------+-------+-------+-------++-------
Melee: Falchion          |    57 |    87 |   379 |   119 ||   642
       Headbutt          |    10 |    19 |   108 |    39 ||   176
       Great sword       |       |       |       |    56 ||    56
Throw: Tomahawk          |       |       |     5 |       ||     5
Invok: Berserk           |       |     1 |     3 |     3 ||     7
  Use: Scroll            |       |       |     2 |       ||     2
  Eat: Chunk             |     1 |     5 |    31 |    14 ||    51
Armor: Animal skin       |     9 |     5 |       |       ||    14
       Ring mail         |       |    18 |     4 |    23 ||    45
       Chain mail        |       |       |   158 |    12 ||   170
       Leather armour    |       |       |       |     1 ||     1
Dodge: Dodged            |    41 |    50 |   121 |    80 ||   292
       Rpst.: Falchion   |    13 |    19 |    17 |    12 ||    61
       Great sword       |       |       |       |     6 ||     6

Table legend:
 A = Non-vault XP
 B = Vault XP
 C = Vault XP percentage of total XP
 D = Non-vault monster count
 E = Vault monster count
 F = Vault count percentage of total count
                 A         B        C        D         E       F
            +---------+---------+-------+---------+---------+-------
      Total |    9357 |    3355 |  26.4 |     184 |      41 |  18.2
            +---------+---------+-------+---------+---------+-------
        D:1 |      23 |       0 |   0.0 |      14 |       0 |   0.0
        D:2 |      40 |      36 |  47.4 |      18 |       2 |  10.0
        D:3 |     196 |     280 |  58.8 |      22 |       2 |   8.3
        D:4 |     338 |       4 |   1.2 |      22 |       1 |   4.3
        D:5 |     867 |       0 |   0.0 |      15 |       0 |   0.0
        D:6 |     903 |     212 |  19.0 |      22 |       2 |   8.3
        D:7 |     322 |       0 |   0.0 |       7 |       0 |   0.0
        D:8 |    2074 |    2450 |  54.2 |      29 |      24 |  45.3
        D:9 |    2428 |       0 |   0.0 |      14 |       0 |   0.0
       D:10 |     729 |     373 |  33.8 |      15 |      10 |  40.0
       D:11 |    1437 |       0 |   0.0 |       6 |       0 |   0.0
            +---------+---------+-------+---------+---------+-------
